 Dungeon Crawl Stone Soup version 0.23.2-33-g5129a83184 (webtiles) character file.

Game seed: 7317940056786125533

53 Folque the Charmwright (level 3, -9/29 HPs)
             Began as a Centaur Skald on July 8, 2019.
             Mangled by a gnoll
             ... wielding a +0 halberd
              (10 damage)
             ... on level 2 of the Dungeon.
             The game lasted 00:02:32 (991 turns).

Folque the Charmwright (Centaur Skald)               Turns: 991, Time: 00:02:32

Health: -9/29      AC:  4    Str: 13    XL:     3   Next: 64%
Magic:  0/6        EV:  5    Int: 13    God:
Gold:   66         SH:  0    Dex:  8    Spells: 3/6 levels left

rFire    . . .     SeeInvis .   a - +0 falchion
rCold    . . .     Gourm    .   (no shield)
rNeg     . . .     Faith    .   b - +0 leather armour
rPois    .         Spirit   .   (no helmet)
rElec    .         Reflect  .   (no cloak)
rCorr    .         Harm     .   (no gloves)
MR       .....                  (no barding)
Stlth    ..........             (no amulet)
HPRegen  0.09/turn              (no ring)
MPRegen  0.10/turn              (no ring)

@: infused, held, very quick
A: large, hooves 3, deformed body, speed 2, tough skin 3
a: no special abilities


You were on level 2 of the Dungeon.
You were not hungry.

You visited 1 branch of the dungeon, and saw 2 of its levels.

You collected 66 gold pieces.

Inventory:

Hand Weapons
 a - a +0 falchion (weapon)
Armour
 b - a +0 leather armour (worn)
Jewellery
 n - an uncursed ring of positive energy {unknown}
Scrolls
 c - a scroll of noise {unknown}
 e - a scroll of identify {unknown}
 g - a scroll of teleportation {unknown}
 h - a scroll of enchant armour {unknown}
 j - a scroll of magic mapping {unknown}
 k - a scroll of amnesia {unknown}
Potions
 i - a potion of curing {unknown}
 l - 3 potions of lignification {unknown}
 m - a potion of heal wounds {unknown}
Comestibles
 d - 5 rations
 f - 3 chunks of flesh


   Skills:
 - Level 2.0 Fighting
 + Level 2.5 Long Blades
 - Level 0.6 Armour
 - Level 1.3 Dodging
 + Level 2.0 Spellcasting
 * Level 3.5 Charms


You had 3 spell levels left.
You knew the following spells:

 Your Spells              Type           Power        Failure   Level  Hunger
a - Infusion              Chrm           ##..         8%          1    ##.....
b - Shroud of Golubria    Chrm/Tloc      #.........   24%         2    ###....

Your spell library contained the following spells:

 Spells                   Type           Power        Failure   Level  Hunger
 Song of Slaying          Chrm           ##......     12%         2    ###....
 Regeneration             Chrm/Necr      #.........   43%         3    ####...
 Spectral Weapon          Hex/Chrm       #.......     43%         3    ####...


Dungeon Overview and Level Annotations

Branches:
Dungeon (2/15)

Altars:
Ashenzari

Annotations:
D:2 Sigmund


Innate Abilities, Weirdness & Mutations

You have hooves in place of feet.
Armour fits poorly on your strangely shaped body.
You cover ground very quickly.
You have extremely tough skin. (AC +3)


Message History

The gnoll hits you with a +0 whip.
Your shroud falls apart!
You hit the gnoll. You kick the gnoll!
The gnoll is severely wounded.
The gnoll barely misses you.
You hit the gnoll!
You kill the gnoll!
Your Spellcasting skill increases to level 2!
The gnoll throws a throwing net.
The throwing net barely misses you.
The gnoll throws a throwing net.
The throwing net hits you.
You become entangled in the net!
Found a scroll labeled XEMADU BAALU.
Things that are here:
a throwing net; a +0 whip; a gnoll corpse You struggle against the net.
The gnoll hits you from afar with a +0 halberd!
* * * LOW HITPOINT WARNING * * *
You struggle against the net.
The gnoll hits you from afar with a +0 halberd!
You die...

#.##...# #.# # #.@....#
#####.# #<..# #...#.#
#...# #.#...#
#...#######...####
#........##......# #
#####...####.##..###.# #
....g.....)รท.....###.###
.....g.@..........#..(..
..........(..........###
.####...####.#......)# #
#...? ..#.......# # #...#
####.#.....# #...#
#.##..#.# ..... #.....#.#
#....# #.......###
#.##.##....


You could see 2 gnolls.

Vanquished Creatures
  2 adders (D:2)
  A gnoll (D:2)
  A dart slug (D:2)
  2 leopard geckos (D:1)
  A ball python (D:1)
  3 giant cockroaches
  3 hobgoblins
  4 kobolds
  2 bats (D:1)
  A frilled lizard (D:2)
  2 rats
22 creatures vanquished.

Notes
Turn   | Place    | Note
-------+----------+-------------------------------------------
     0 | D:1      | Folque the Centaur Skald began the quest for the Orb.
     0 | D:1      | Reached XP level 1. HP: 17/17 MP: 3/3
   166 | D:1      | Found a shattered altar of Ashenzari.
   195 | D:1      | Reached XP level 2. HP: 19/24 MP: 4/4
   320 | D:1      | Reached skill level 3 in Charms
   715 | D:2      | Noticed Sigmund
   721 | D:1      | Learned a level 2 spell: Shroud of Golubria
   922 | D:2      | Reached XP level 3. HP: 27/29 MP: 5/5
   990 | D:2      | HP: 1/29 [gnoll/+0 halberd (10)]
   991 | D:2      | Mangled by a gnoll

Skill      XL: |  1  2  3 |
---------------+----------+-----
Long Blades    | 2 |  2.5
Charms         | 3 |  3.5
Spellcasting   | 2 |  2.0
Fighting       | |  2.0
Armour         | |  0.6
Dodging        | |  1.3

Action                   || total
-------------------------++-------
Melee: Falchion          ||    58
       Kick              ||     6
 Cast: Infusion          ||     3
       Shroud of Golubri ||     1
Armor: Leather armour    ||    23
Dodge: Dodged            ||    32
       Rpst.: Falchion   ||    10
